 Dungeon Crawl Stone Soup version 0.30.1-4-g462c640d31 (webtiles) character file.

Game seed: 15097709017202667841

265 lonewolfV2 the Chopper (level 5, -1/47 HPs)
             Began as a Minotaur Fighter on Aug 25, 2023.
             Slain by a gnoll bouda
             ... wielding a +1 whip of venom
              (2 damage)
             ... on level 3 of the Dungeon.
             The game lasted 00:03:41 (2480 turns).

lonewolfV2 the Chopper (Minotaur Fighter)           Turns: 2480, Time: 00:03:42

Health: -1/47      AC:  9    Str: 22    XL:     5   Next: 99%
Magic:  13/13      EV:  8    Int:  5    God:
Gold:   136        SH:  5    Dex: 14    Spells: 4/4 levels left

rFire   . . .        a - +0 war axe (protect)
rCold   + + .        c - +0 buckler
rNeg    . . .        p - +0 chain mail {rC+}
rPois   +            (helmet restricted)
rElec   .            l - scarf of Ykicofo {repulsion, rPois rCorr Dex+4 Slay+3}
rCorr   +            (no gloves)
SInv    .            (no boots)
Will    .....        (no amulet) Stlth
                     j - ring of magical power
HPRegen 0.27/turn    k - ring of protection from cold
MPRegen 0.13/turn

%: repel missiles
@: mighty, lethally poisoned (-1 -> -3), weakened
A: horns 2, retaliatory headbutt
a: no special abilities


You were on level 3 of the Dungeon.
You visited 1 branch of the dungeon, and saw 4 of its levels.

You collected 136 gold pieces.

Inventory:

Hand Weapons
 a - a +0 war axe of protection (weapon)
Armour
 b - a +0 scale mail
 c - a +0 buckler (worn)
 l - the scarf of Ykicofo (worn) {repulsion, rPois rCorr Dex+4 Slay+3}
   (You acquired it on level 2 of the Dungeon)

   Dex:       It affects your dexterity (+4).
   Slay:      It affects your accuracy & damage with ranged weapons and melee
   (+3).
   rPois:     It protects you from poison.
   rCorr:     It protects you from acid and corrosion.
 p - a +0 chain mail of cold resistance (worn)
Jewellery
 j - a ring of magical power (left hand)
 k - a ring of protection from cold (right hand)
 v - an amulet of guardian spirit
 w - an amulet of the acrobat
Scrolls
 g - a scroll of vulnerability
 h - 2 scrolls of brand weapon
 m - a scroll of teleportation
 n - a scroll of enchant armour {unknown}
 o - 2 scrolls of enchant weapon {unknown}
 q - 2 scrolls of identify {unknown}
 r - 2 scrolls of fog {unknown}
 t - a scroll of fear {unknown}
Potions
 d - 3 potions of might
 e - a potion of cancellation {unknown}
 f - a potion of lignification {unknown}
 i - 4 potions of curing {unknown}
 s - a potion of magic {unknown}
 u - a potion of degeneration {unknown}
 x - a potion of ambrosia {unknown}


   Skills:
 + Level 4.6 Fighting
 + Level 5.0 Axes
 + Level 5.0 Armour
 + Level 1.2 Dodging
 + Level 0.1 Stealth
 + Level 4.6 Shields


You had 4 spell levels left.
You didn't know any spells.
Your spell library contained the following spells:

 Spells                   Type           Power      Damage    Failure   Level
 Shock                    Conj/Air       0%         1d3       98%         1
 Static Discharge         Conj/Air       0%         2-2/arc   99%         2
 Call Canine Familiar     Summ           0%         N/A       100%        3
 Portal Projectile        Hex/Tloc       0%         N/A       100%        3
 Vampiric Draining        Necr           0%         2d6       100%        3
 Airstrike                Air            0%         2d(0-16)  100%        4
 Leda's Liquefaction      Hex/Erth       0%         N/A       100%        4
 Simulacrum               Ice/Necr       0%         N/A       100%        6


Dungeon Overview and Level Annotations

Branches:
Dungeon (4/15)
 Temple: D:4-7

Altars:
Gozag


Innate Abilities, Weirdness & Mutations

You have a pair of horns on your head.
You reflexively headbutt those who attack you in melee.


Message History

The gnoll bouda hits you with a +1 whip of venom.
There is a stone staircase leading up, spattered with blood here.
The gnoll bouda hits you with a +1 whip of venom.
You climb upwards.
There is a stone staircase leading down here.
A gnoll bouda is nearby!
A gnoll bouda is nearby!
The gnoll bouda hits you with a +1 whip of venom.
You are poisoned.
You closely miss the gnoll bouda.
You feel sick.
The gnoll bouda gazes fiercely through you!
You feel your attacks grow feeble.
The gnoll bouda hits you but does no damage.
The gnoll bouda hits you with a +1 whip of venom.
You hit the gnoll bouda but do no damage.
Your weapon exudes an aura of protection.
You feel sick.
The gnoll bouda hits you with a +1 whip of venom.
You are more poisoned.
You closely miss the gnoll bouda. You headbutt the gnoll bouda.
The gnoll bouda is lightly wounded.
You feel sick. The gnoll bouda barely misses you. You furiously retaliate!
You headbutt the gnoll bouda! You barely miss the gnoll bouda.
The gnoll bouda is heavily wounded.
You feel sick.
The gnoll bouda hits you with a +1 whip of venom.
* * * LOW HITPOINT WARNING * * *
You completely miss the gnoll bouda.
The gnoll bouda is heavily wounded.
You feel sick.
The gnoll bouda hits you with a +1 whip of venom.
* * * LOW HITPOINT WARNING * * *
The gnoll bouda hits you with a +1 whip of venom.
* * * LOW HITPOINT WARNING * * *
You feel very mighty all of a sudden.
* * * LOW HITPOINT WARNING * * *
You feel sick.
The gnoll bouda hits you with a +1 whip of venom.
You die...

##........# ##.#.##.#.##
..........# ##.#.##.##.
##.#......# ##.#.###.#
##........# ##.#.#.#.
..........###### ##.#.#.#
.......#.......#############.#.##
.......#.......#..........###.##
.......#.......#g.........# ###
########.......#@>........#######
...............#............#....
..........####............#......
..........# #............#......
..........# #............#......
..........# #...#####.#+##......
..........# #...# #>#.##.#...#
..........# #...# #.#.##.###.#
#.######### #...# #.#.##.# #.#


You could see a gnoll bouda.

Vanquished Creatures
  A phantom (D:4)
  An iguana (D:4)
  3 gnolls (D:2)
  8 adders
  A dart slug (D:4)
  2 orcs (D:3)
  5 endoplasms
  6 goblins
  5 hobgoblins
  2 jackals (D:2)
  8 kobolds
  2 quokkas (D:1)
  4 ball pythons
  6 bats (D:1)
  6 frilled lizards
  12 rats
72 creatures vanquished.

Notes
Turn   | Place    | Note
-------+----------+-------------------------------------------
     0 | D:1      | lonewolfV2 the Minotaur Fighter began the quest for the
                  | Orb.
     0 | D:1      | Reached XP level 1. HP: 19/19 MP: 0/0
   238 | D:1      | Reached XP level 2. HP: 21/27 MP: 1/1
   824 | D:2      | Reached XP level 3. HP: 33/33 MP: 2/2
  1010 | D:2      | Reached XP level 4. HP: 40/40 MP: 3/3
  1191 | D:2      | Got Sif Muna's Precepts of the Valley
  1384 | D:2      | Reached skill level 1 in Dodging
  1388 | D:2      | Identified a scroll of acquirement
  1388 | D:2      | Acquired the scarf of Ykicofo {repulsion, rPois rCorr Dex+4
                  | Slay+3}
  1865 | D:3      | Reached XP level 5. HP: 47/47 MP: 4/4
  2443 | D:4      | Noticed a phantom
  2452 | D:4      | Found an opulent altar of Gozag.
  2455 | D:4      | Killed a phantom
  2462 | D:4      | Reached skill level 5 in Axes
  2462 | D:4      | Reached skill level 5 in Armour
  2479 | D:3      | HP: 2/47 [gnoll bouda/+1 whip of venom (2)]
  2480 | D:3      | Slain by a gnoll bouda

Illustrated notes

Levels and vault maps discovered:
D:1:      erik_arrival_cave_to_civilisation [erik_arrival_cave_to_hall],
          layout_basic
D:2:      layout_loops_ring
D:3:      minmay_inner_zag, layout_basic
D:4:      layout_rooms, nicolae_overflow_hidden_temple, hangedman_decor_growths,
          kennysheep_donut, uniq_natasha

Skill      XL: |  1  2  3  4  5 |
---------------+----------------+-----
Armour         | 4 5 |  5.0
Shields        | 4 |  4.6
Fighting       | 4 |  4.6
Axes           | 3 4 5 |  5.0
Dodging        | 1 |  1.2
Stealth        | |  0.1

Action                     |  1- 3 |  4- 6 || total
---------------------------+-------+-------++-------
  Melee: War axe           |    64 |    82 ||   146
         Headbutt          |     7 |    16 ||    23
    Use: Scroll            |       |     4 ||     4
         Potion            |       |     1 ||     1
 Armour: Scale mail        |    34 |       ||    34
         Chain mail        |     8 |    55 ||    63
  Dodge: Dodged            |    42 |    31 ||    73
  Block: Buckler           |    24 |    16 ||    40
